Map: Ascension to Aiur LE

Players

Scarlett - Winner!

  • Race: Zerg Zerg
  • Spawn Location: 11:00

TRUE

  • Race: Zerg Zerg
  • Spawn Location: 5:00

Event: WCS Jonkoping 2017

VOD

Have the link to the VOD?

Description

Time

  • Played on: June 17, 2017, 3:22 p.m.
  • Length: 14:27

All games in this series

Show
View Real Time Build Order
Export as new Build Order

Scarlett Zerg - Winner!

Build Orders: Hatch First 

Get SALT Encoding   

  12  0:00  Drone  
  13  0:13  Overlord  
  13  0:17  Drone  
  14  0:31  Drone x2  
  16  0:35  Drone  
  17  0:51  Hatchery  
  17  0:55  Drone  
  17  0:57  Drone  
  17  1:01  Extractor  
  17  1:13  Spawning Pool  
  17  1:16  Drone  
  17  1:19  Drone  
  18  1:29  Overlord  
  18  1:39  Drone  
  19  1:50  Drone  
  20  1:59  Queen  
  20  2:00  Metabolic Boost  
  22  2:02  Zergling x2  
  22  2:04  Queen  
  22  2:07  Zergling x2  
  26  2:14  Drone  
  27  2:17  Drone  
  28  2:26  Drone  
  28  2:29  Baneling Nest  
  28  2:40  Drone  
  28  2:41  Drone x2  
  28  2:42  Queen  
  33  2:53  Overlord  
  33  3:01  Hatchery  
  32  3:06  Drone  
  32  3:07  Drone  
  32  3:10  Drone x2  
  36  3:13  Zergling x2  
  36  3:15  Baneling  
  36  3:16  Baneling  
  36  3:19  Drone  
  38  3:23  Zergling x2  
  38  3:24  Drone  
  38  3:26  Drone  
  41  3:27  Drone  
  41  3:30  Drone  
  43  3:39  Overlord  
  43  3:40  Drone  
  44  3:45  Overlord  
  44  3:59  Drone  
  44  4:00  Drone x7  
  51  4:03  Roach Warren, Extractor  
  51  4:04  Extractor  
  48  4:14  Drone, Overlord  
  48  4:15  Drone x4  
  53  4:23  Drone  
  54  4:35  Drone x3  
  57  4:38  Overlord  
  57  4:44  Roach  
  57  4:45  Roach x5  
  68  4:48  Lair  
  68  4:50  Evolution Chamber, Drone x2  
  69  4:53  Extractor  
  69  4:58  Drone x4  
  71  5:00  Drone  
  72  5:10  Drone x3  
  71  5:18  Drone x5, Zerg Missile Weapons Level 1  
  71  5:20  Drone x3  
  79  5:24  Drone x2  
  79  5:26  Overlord  
  81  5:30  Extractor  
  81  5:32  Overlord  
  81  5:33  Drone x2  
  81  5:42  Overlord x3  
  81  5:46  Glial Reconstitution, Extractor  
  81  5:47  Overseer  
  81  5:48  Roach x4  
  88  5:56  Roach  
  90  5:57  Spire  
  90  5:58  Drone x3  
  92  6:08  Drone x5  
  92  6:10  Roach x3  
  103  6:16  Overlord  
  103  6:17  Overlord  
  103  6:33  Hatchery, Overlord  
  103  6:38  Overlord  
  103  6:39  Zergling x10  
  111  6:40  Zergling x8  
  111  6:50  Overlord  
  111  6:55  Overlord  
  111  7:08  Mutalisk x10  
  111  7:10  Zerg Flyer Weapons Level 1  
  111  7:12  Mutalisk x2  
  135  7:20  Mutalisk  
  139  7:29  Overseer  
  139  7:33  Mutalisk  
  139  7:35  Roach x4  
  149  7:42  Zerg Missile Weapons Level 2  
  149  7:43  Roach x3  
  153  7:48  Overseer  
  154  7:51  Roach  
  154  7:52  Roach x2  
  157  8:03  Roach  
  157  8:04  Roach x7  
  167  8:06  Overlord  
  158  8:19  Roach x8  
  174  8:21  Overlord x3  
  166  8:43  Roach x10  
  178  8:48  Roach  
  178  8:50  Queen  
  178  8:51  Queen  
  178  8:55  Drone x3  
  177  9:00  Roach x2  
  156  9:11  Roach Warren, Drone x4  
  156  9:12  Zerg Flyer Weapons Level 2, Drone  
  149  9:19  Drone  
  149  9:20  Drone x3  
  149  9:21  Drone  
  148  9:26  Pneumatized Carapace  
  148  9:30  Mutalisk x3  
  148  9:31  Mutalisk  
  147  9:37  Drone x3  
  147  9:38  Drone x4  
  154  9:43  Overseer  
  158  9:52  Roach  
  162  9:53  Roach x7  
  162  9:58  Overseer  
  174  10:06  Queen  
  174  10:09  Roach x7  
  186  10:21  Centrifical Hooks  
  182  10:40  Roach  
  182  10:41  Roach x8  
  182  10:42  Zerg Ground Armor Level 1  
  200  10:57  Unknown  
  198  11:20  Zergling x10  
  198  11:21  Zergling x10  
  192  11:31  Roach x6  
  192  11:32  Roach x4  
  200  11:43  Roach x3  
  200  11:44  Roach  
  190  11:52  Roach  
  190  11:53  Roach x8  
  152  12:11  Roach  
  152  12:12  Roach x7  
  168  12:22  Roach x6  
  180  12:36  Roach x2  
  180  12:37  Roach x4  
  188  12:43  Ravager x6  
  188  12:44  Ravager, Roach x2  
  193  12:45  Roach  
  193  12:47  Baneling  
  193  12:48  Baneling x15  
  163  13:06  Roach x10  
  180  13:19  Drone x4  
  182  13:20  Roach x4  
  182  13:21  Hatchery  
  178  13:50  Roach  
  178  13:51  Roach x11  
  181  14:05  Roach x3  
  181  14:06  Roach x7  
Show
View Real Time Build Order
Export as new Build Order

TRUE Zerg 

Build Orders: Hatch First 

Get SALT Encoding   

  12  0:00  Drone  
  13  0:12  Overlord  
  13  0:17  Drone  
  14  0:31  Drone x2  
  14  0:33  Drone  
  17  0:52  Hatchery  
  17  0:55  Drone  
  17  0:58  Drone  
  17  1:01  Extractor  
  17  1:13  Spawning Pool  
  17  1:16  Drone  
  17  1:20  Drone  
  18  1:27  Drone  
  19  1:38  Overlord  
  19  1:59  Drone x2  
  21  2:01  Queen  
  21  2:03  Metabolic Boost  
  21  2:04  Queen  
  21  2:07  Drone  
  26  2:10  Drone  
  28  2:15  Drone  
  28  2:22  Drone  
  29  2:25  Drone  
  30  2:31  Zergling x2  
  30  2:36  Drone  
  32  2:48  Baneling Nest, Hatchery, Drone  
  31  2:53  Zergling x2, Drone  
  31  2:58  Overlord  
  33  3:04  Queen  
  35  3:06  Drone  
  36  3:15  Overlord  
  36  3:16  Drone x2  
  36  3:18  Drone  
  36  3:19  Drone  
  40  3:22  Drone  
  40  3:26  Drone x2  
  43  3:30  Zergling x2  
  44  3:36  Drone  
  44  3:38  Drone  
  46  3:44  Evolution Chamber  
  46  3:45  Extractor, Drone x4  
  46  3:46  Drone  
  46  3:48  Drone  
  49  3:49  Drone  
  49  3:51  Drone  
  51  3:57  Baneling  
  51  3:59  Overlord  
  51  4:00  Baneling  
  51  4:03  Zergling x2  
  51  4:04  Overlord  
  51  4:05  Extractor  
  51  4:09  Zergling x2  
  52  4:10  Zerg Missile Weapons Level 1  
  52  4:11  Zergling x2  
  52  4:12  Overlord  
  53  4:20  Lair  
  53  4:21  Drone x4  
  57  4:26  Overlord  
  57  4:27  Drone  
  57  4:30  Drone x2  
  60  4:32  Drone x2  
  60  4:36  Drone  
  63  4:43  Roach Warren  
  62  4:46  Baneling x2  
  62  4:49  Baneling  
  62  4:53  Drone x7  
  62  4:55  Drone  
  62  4:57  Drone x2  
  73  5:00  Drone x2  
  73  5:01  Extractor, Drone  
  73  5:03  Drone  
  73  5:04  Drone  
  76  5:07  Drone  
  76  5:12  Overlord  
  76  5:18  Spine Crawler  
  76  5:19  Spine Crawler  
  74  5:22  Spine Crawler  
  74  5:23  Roach x4  
  74  5:26  Baneling  
  81  5:28  Overlord  
  81  5:31  Roach  
  81  5:33  Glial Reconstitution, Roach x3  
  89  5:37  Overlord  
  92  5:44  Overlord  
  92  5:45  Extractor  
  92  5:46  Overlord  
  92  5:47  Infestation Pit  
  92  5:48  Extractor  
  89  5:50  Extractor, Drone  
  89  5:51  Drone x2  
  89  5:56  Roach  
  101  5:57  Roach x4  
  101  6:00  Hatchery  
  101  6:04  Unknown, Overlord  
  100  6:06  Drone x2  
  100  6:09  Zerg Missile Weapons Level 2, Overlord  
  102  6:17  Overlord  
  102  6:18  Overlord  
  102  6:20  Overlord  
  102  6:25  Overlord  
  102  6:30  Roach x3, Overlord  
  108  6:33  Roach  
  108  6:34  Roach x2  
  108  6:35  Roach  
  108  6:36  Roach x2  
  108  6:37  Roach  
  108  6:38  Roach x3  
  128  6:40  Overseer, Overlord  
  128  6:43  Overseer  
  128  6:44  Roach  
  128  6:46  Roach  
  132  6:49  Infestor  
  132  6:53  Overlord x2  
  134  6:56  Overlord  
  134  7:04  Infestor  
  134  7:06  Infestor  
  138  7:14  Drone x6  
  138  7:15  Queen, Drone x2  
  148  7:18  Infestor  
  148  7:21  Roach  
  148  7:22  Roach  
  154  7:24  Roach  
  154  7:27  Roach  
  157  7:30  Roach  
  157  7:31  Overlord  
  157  7:35  Extractor  
  158  7:42  Roach x4  
  158  7:43  Roach x2  
  170  7:45  Overlord  
  170  7:48  Roach x2  
  174  7:51  Infestor  
  174  7:52  Spore Crawler  
  174  7:54  Spore Crawler  
  174  7:55  Spore Crawler, Infestor, Queen  
  169  8:10  Spore Crawler x2  
  161  8:15  Infestor x2  
  161  8:17  Drone  
  161  8:18  Drone x7  
  167  8:21  Roach x4  
  167  8:22  Queen, Roach x2  
  180  8:28  Roach  
  180  8:29  Roach  
  180  8:31  Queen  
  180  8:33  Overlord  
  182  8:34  Roach  
  182  8:37  Roach x2  
  182  8:39  Roach  
  182  8:40  Roach  
  186  8:42  Roach  
  186  8:45  Roach  
  186  8:46  Roach  
  186  8:48  Roach  
  185  8:49  Roach  
  185  8:50  Roach  
  185  8:53  Roach  
  177  8:57  Roach  
  177  8:58  Roach  
  177  8:59  Roach  
  177  9:01  Roach  
  183  9:02  Roach  
  183  9:05  Zerg Ground Armor Level 1  
  161  9:19  Roach x8  
  161  9:23  Roach x2  
  165  9:24  Roach  
  165  9:26  Roach  
  165  9:28  Roach  
  167  9:32  Drone  
  167  9:38  Infestor  
  166  9:41  Spore Crawler  
  166  9:44  Extractor  
  164  9:58  Overseer  
  158  10:01  Hive  
  158  10:06  Roach x10  
  158  10:07  Roach  
  180  10:08  Overlord  
  176  10:17  Roach  
  178  10:21  Spore Crawler  
  178  10:24  Overlord  
  178  10:25  Queen x2  
  178  10:27  Overlord  
  171  10:41  Roach x5  
  171  10:42  Roach  
  183  10:43  Roach  
  183  10:44  Roach x2  
  183  10:45  Roach x2  
  183  10:46  Roach x2  
  183  10:48  Overlord  
  197  10:53  Overlord  
  197  10:54  Overlord  
  197  10:57  Overlord  
  197  10:59  Overlord  
  197  11:05  Unknown x2  
  197  11:12  Viper  
  194  11:19  Zerg Missile Weapons Level 3  
  194  11:20  Unknown x3  
  194  11:21  Unknown x3, Viper x2  
  194  11:25  Roach x6  
  200  11:44  Roach  
  200  11:45  Roach x2  
  200  11:46  Roach x4  
  161  12:03  Drone  
  161  12:04  Drone x6  
  162  12:12  Viper x2  
  162  12:13  Infestor x3  
  174  12:16  Roach  
  174  12:21  Overlord x2  
  176  12:26  Overlord  
  174  12:31  Overlord  
  172  12:46  Roach x2  
  172  12:47  Roach x5  
  172  12:51  Roach  
  188  12:56  Roach  
  188  12:57  Roach  
  154  13:04  Roach x2  
  132  13:05  Roach  
  132  13:08  Roach  
  132  13:11  Roach  
  120  13:13  Roach  
  120  13:16  Roach  
  120  13:19  Roach  
  124  13:22  Roach  
  124  13:24  Roach  
  124  13:26  Unknown, Roach  
  124  13:27  Unknown x3  
  122  13:29  Roach  
  122  13:31  Unknown  
  122  13:32  Roach  
  122  13:33  Unknown x7  
  124  13:35  Roach  
  124  13:39  Roach  
  127  13:41  Roach  
  127  13:46  Roach x2  
  122  13:50  Roach  
  120  14:00  Roach  
  120  14:01  Roach  
  113  14:04  Roach  
  113  14:08  Roach  
Tags
 
Add a new tag
Caveats
  • Supply blocks, unpowered buildings, or Contaminate may cause inaccurate times.
  • Supply counts are checked every 10 seconds.